 Dungeon Crawl Stone Soup version 0.29-a0-392-g297d3b089c (webtiles) character file.

Game seed: 13475008797935355133

2194 frimble the Magician (level 9, 0/69 HPs)
             Began as a Gnoll Warper on May 8, 2022.
             Slain by a gnoll sergeant
             ... wielding a +0 spear
              (12 damage)
             ... on level 6 of the Dungeon on May 9, 2022.
             The game lasted 00:09:04 (5573 turns).

frimble the Magician (Gnoll Warper)                 Turns: 5573, Time: 00:09:05

Health: 0/69       AC:  3    Str: 16    XL:     9   Next: 34%
Magic:  7/18       EV: 13    Int: 14    God:
Gold:   397        SH:  0    Dex: 12    Spells: 15/21 levels left

rFire   . . .      SeeInvis .   D - +2 quarterstaff (drain)
rCold   . . .      Faith    .   (shield currently unavailable)
rNeg    + . .      Spirit   .   w - +0 leather armour of Duty {rElec Regen+ Int-3}
rPois   .          Reflect  .   (no helmet)
rElec   +          Harm     .   (no cloak)
rCorr   .          Rampage  .   (no gloves)
Will    .....                   (no boots)
Stlth   ++........              (no amulet)
HPRegen 0.21/turn               h - +6 ring of strength
MPRegen 0.16/turn               k - ring of positive energy

@: on blink cooldown, very slightly contaminated
A: fangs 1, strong nose, distributed training
a: no special abilities


You were on level 6 of the Dungeon.
You visited 1 branch of the dungeon, and saw 6 of its levels.

You collected 397 gold pieces.

Inventory:

Hand Weapons
 z - a +1 dagger of venom
 A - a +1 flail of draining
 D - a +2 quarterstaff of draining (weapon)
Missiles
 c - 7 boomerangs of dispersal (quivered)
 o - 10 boomerangs
 r - 3 javelins
Armour
 g - +0 steam dragon scales
 w - the +0 leather armour of Duty (worn) {rElec Regen+ Int-3}
   (You found it on level 3 of the Dungeon)

   Int:       It affects your intelligence (-3).
   rElec:     It insulates you from electricity.
   Regen:     It increases your rate of health regeneration.
Jewellery
 h - a +6 ring of strength (left hand)
 k - a ring of positive energy (right hand)
Wands
 d - a wand of digging (2)
 m - a wand of polymorph (13)
 t - a wand of flame (10)
 v - a wand of iceblast (6)
 B - a wand of acid (3)
Scrolls
 a - 2 scrolls of magic mapping
 b - 2 scrolls of blinking
 f - 5 scrolls of teleportation
 j - a scroll of identify
 n - 4 scrolls of fog
 u - 5 scrolls of noise
 y - a scroll of brand weapon
 C - a scroll of immolation
Potions
 i - 4 potions of curing
 l - a potion of might
 p - 2 potions of flight {unknown}
 q - a potion of magic
 s - a potion of cancellation
 x - 2 potions of heal wounds


   Skills:
 + Level 6.2 Fighting
 + Level 4.1 Short Blades
 + Level 4.1 Long Blades
 + Level 4.1 Axes
 + Level 4.1 Maces & Flails
 + Level 4.1 Polearms
 + Level 4.1 Staves
 + Level 4.1 Slings
 + Level 4.1 Bows
 + Level 4.1 Crossbows
 + Level 5.0 Throwing
 + Level 5.0 Armour
 + Level 6.2 Dodging
 + Level 4.1 Stealth
 + Level 4.1 Shields
 + Level 6.2 Unarmed Combat
 + Level 6.6 Spellcasting
 + Level 3.4 Conjurations
 + Level 3.4 Hexes
 + Level 3.4 Summonings
 + Level 3.4 Necromancy
 + Level 6.5 Translocations
 + Level 3.4 Transmutations
 + Level 3.4 Fire Magic
 + Level 3.4 Ice Magic
 + Level 3.4 Air Magic
 + Level 3.4 Earth Magic
 + Level 3.4 Poison Magic
 + Level 4.5 Invocations
 + Level 4.1 Evocations


You had 15 spell levels left.
You knew the following spells:

 Your Spells              Type           Power      Damage    Failure   Level
a - Blink                 Tloc           44%        N/A       1%          2
b - Olgreb's Toxic Radia  Pois           14%        N/A       41%         4

Your spell library contained the following spells:

 Spells                   Type           Power      Damage    Failure   Level
 Gell's Gravitas          Tloc           22%        N/A       3%          3
 Lesser Beckoning         Tloc           22%        N/A       3%          3
 Teleport Other           Tloc           22%        N/A       3%          3
 Sting                    Tmut/Pois      56%        1d5       4%          1
 Poisonous Vapours        Pois/Air       28%        N/A       7%          2
 Manifold Assault         Tloc           22%        N/A       32%         5
 Airstrike                Air            7%         N/A       41%         4
 Summon Lightning Spire   Summ/Air       14%        N/A       41%         4
 Lightning Bolt           Conj/Air       7%         1d19      77%         5


Dungeon Overview and Level Annotations

Branches:
Dungeon (6/15)
 Temple: D:4-7

Altars:

Annotations:
D:5 2 transporters, Bravepunisher's ghost, weakling SpMo


Innate Abilities, Weirdness & Mutations

You have very sharp teeth.
Your uncanny sense of smell can sniff out nearby items.
Your experience applies equally to all skills.


Message History

The gnoll shouts! x2
A gnoll comes into view. It is wielding a +0 arbalest.
The gnoll throws a throwing net.
The throwing net closely misses you.
The gnoll moves out of view.
You see here a throwing net.
Casting: Blink (safe; 1% risk of failure)
Confirm with . or Enter, or press ? or * to list all spells.
The spell is quite dangerous to miscast (41% risk of failure)!
Continue anyway?
You miscast Olgreb's Toxic Radiance.
You are very lightly contaminated with residual magic.
Nothing appears to happen.
The gnoll shouts!
The gnoll shoots a bolt.
The bolt hits you.
Casting: Olgreb's Toxic Radiance (quite dangerous; 41% risk of failure)
Confirm with . or Enter, or press ? or * to list all spells.
The spell is quite dangerous to miscast (41% risk of failure)!
Continue anyway?
You begin to radiate toxic energy.
The gnoll sergeant is poisoned.
The gnoll is poisoned. x4; The gnoll looks even sicker. x2
Casting: Olgreb's Toxic Radiance (quite dangerous; 41% risk of failure)
Confirm with . or Enter, or press ? or * to list all spells.
You blink.
The gnoll sergeant looks even sicker.
The gnoll looks even sicker. x2
Your toxic aura wanes.
The gnoll attacks as you move away! The gnoll hits you with a +0 flail.
You barely miss the gnoll. You bite the gnoll.
The gnoll is heavily wounded.
The gnoll barely misses you.
The gnoll sergeant hits you from afar with a +0 spear.
You barely miss the gnoll. You bite the gnoll, but do no damage.
The gnoll is heavily wounded.
You feel stable enough to blink again. The gnoll closely misses you.
The gnoll sergeant hits you from afar with a +0 spear!
* * * LOW HITPOINT WARNING * * *
Casting: Blink (safe; 1% risk of failure)
Confirm with . or Enter, or press ? or * to list all spells.
You blink.
The gnoll throws a throwing net.
The throwing net barely misses you.
The gnoll hits you from afar with a +0 spear.
* * * LOW HITPOINT WARNING * * *
The gnoll sergeant hits you with a +0 spear!
You die...

#........#.#..#...
###.....##.....#....
#(............#..#..
##...(##...##.#..#...
#......#.....(..#....
#...#........†(#..#..
#..#.........#..#.g.
#((#...........#....
##(@.gg..#....#..#.#
#...gg...##..#..#..#
#.....#g#####....#....
##...##§# ###)#..#..
##.##### #.†..... ##
##.....! ##....#
##...# #.##


You could see a gnoll sergeant (very poisoned) and 4 gnolls.

Vanquished Creatures
  Pikel (D:4)
  A wyvern (D:5)
  A steam dragon (D:6)
  Edmund (D:5)
  Duvessa (D:5)
  A black bear (D:5)
  2 ice beasts
  2 ogres
  A gnoll sergeant (D:6)
  5 scorpions
  Dowan (D:5)
  2 jellies
  2 orc priests
  Jessica (D:2)
  An orc wizard (D:2)
  Ijyb (D:3)
  An iguana (D:5)
  4 adders
  5 gnolls
  An ufetubus (D:3)
  A worm (D:5)
  3 dart slugs
  8 orcs
  10 ball pythons
  3 bats
  8 endoplasms
  3 giant cockroaches
  8 goblins
  6 hobgoblins
  3 jackals (D:3)
  A quokka (D:5)
  6 frilled lizards
  7 kobolds
  7 rats
109 creatures vanquished.

Vanquished Creatures (others)
  A scorpion (D:5)
  2 gnolls (D:6)
3 creatures vanquished.

Grand Total: 112 creatures vanquished

Notes
Turn   | Place    | Note
-------+----------+-------------------------------------------
     0 | D:1      | frimble the Gnoll Warper began the quest for the Orb.
     0 | D:1      | Reached XP level 1. HP: 20/20 MP: 6/6
   156 | D:1      | Reached XP level 2. HP: 14/26 MP: 7/7
   934 | D:1      | Reached XP level 3. HP: 28/31 MP: 9/9
   939 | D:1      | Reached skill level 5 in Spellcasting
  1520 | D:2      | Reached skill level 1 in Invocations
  1664 | D:2      | Reached skill level 1 in Short Blades
  1664 | D:2      | Reached skill level 1 in Long Blades
  1664 | D:2      | Reached skill level 1 in Axes
  1664 | D:2      | Reached skill level 1 in Maces & Flails
  1664 | D:2      | Reached skill level 1 in Polearms
  1664 | D:2      | Reached skill level 1 in Staves
  1664 | D:2      | Reached skill level 1 in Slings
  1664 | D:2      | Reached skill level 1 in Bows
  1664 | D:2      | Reached skill level 1 in Crossbows
  1664 | D:2      | Reached skill level 1 in Stealth
  1664 | D:2      | Reached skill level 1 in Shields
  1664 | D:2      | Reached skill level 1 in Evocations
  1703 | D:2      | Reached XP level 4. HP: 22/38 MP: 11/11
  1730 | D:2      | HP: 1/38 [something (1)]
  1732 | D:2      | Reached skill level 1 in Conjurations
  1732 | D:2      | Reached skill level 1 in Hexes
  1732 | D:2      | Reached skill level 1 in Summonings
  1732 | D:2      | Reached skill level 1 in Necromancy
  1732 | D:2      | Reached skill level 1 in Transmutations
  1732 | D:2      | Reached skill level 1 in Fire Magic
  1732 | D:2      | Reached skill level 1 in Ice Magic
  1732 | D:2      | Reached skill level 1 in Air Magic
  1732 | D:2      | Reached skill level 1 in Earth Magic
  1732 | D:2      | Reached skill level 1 in Poison Magic
  2175 | D:2      | Noticed Jessica
  2179 | D:2      | Killed Jessica
  2180 | D:2      | Reached XP level 5. HP: 43/43 MP: 12/12
  2480 | D:3      | Noticed an ice beast
  2494 | D:3      | Killed an ice beast
  2495 | D:3      | Reached XP level 6. HP: 50/50 MP: 13/13
  2498 | D:3      | Learned a level 2 spell: Blink
  2688 | D:3      | Learned a level 4 spell: Olgreb's Toxic Radiance
  2711 | D:3      | Noticed Ijyb
  2723 | D:3      | Killed Ijyb
  3014 | D:3      | Identified the +0 leather armour of Duty {rElec Regen+
                  | Int-3}
  3055 | D:3      | Reached skill level 5 in Fighting
  3055 | D:3      | Reached skill level 5 in Dodging
  3055 | D:3      | Reached skill level 5 in Unarmed Combat
  3192 | D:3      | You fall into a shaft and drop 1 floor!
  3723 | D:4      | Noticed Pikel
  3760 | D:4      | Killed Pikel
  3761 | D:4      | Reached XP level 7. HP: 25/56 MP: 15/15
  3822 | D:4      | Reached XP level 8. HP: 62/63 MP: 16/16
  4488 | D:5      | Entered Level 5 of the Dungeon
  4495 | D:5      | Noticed Bravepunisher's ghost (weakling SpMo)
  4496 | D:5      | Found a transporter.
  4545 | D:5      | Noticed a wyvern
  4555 | D:5      | Killed a wyvern
  4620 | D:5      | Noticed Dowan
  4621 | D:5      | Noticed Duvessa
  4651 | D:5      | Killed Duvessa
  4663 | D:5      | Killed Dowan
  4874 | D:5      | Noticed Edmund
  4913 | D:5      | Killed Edmund
  4991 | D:5      | Reached XP level 9. HP: 68/69 MP: 16/18
  5038 | D:5      | Found a transporter.
  5531 | D:6      | Reached skill level 5 in Throwing
  5531 | D:6      | Reached skill level 5 in Armour
  5573 | D:6      | Slain by a gnoll sergeant

Illustrated notes

Levels and vault maps discovered:
D:1:      nicolae_arrival_somewhat_less_tricky_arrival, layout_rooms,
          chequers_decorated_corner, hangedman_abyss_or_decor_stabs
D:2:      layout_loops_cross, minmay_tiny_reverse_x, uniq_jessica
D:3:      minmay_bubble_buster, layout_basic, uniq_ijyb
D:4:      layout_basic, uniq_pikel
D:5:      layout_loops_cross, gammafunk_ghost_stat_death, uniq_edmund,
          uniq_duvessa
D:6:      layout_cave_pools, nicolae_kikubaaqudgha_miasma_corner,
          minmay_temple_entry_statues, minmay_misc_feat_diagonals,
          columned_hall_lemuel

Skill      XL: |  1  2  3  4  5  6  7  8  9 |
---------------+----------------------------+-----
Spellcasting   | 5 6 |  6.6
Invocations    | 1 2 3 4 |  4.5
Short Blades   | 1 2 3 4 |  4.1
Long Blades    | 1 2 3 4 |  4.1
Axes           | 1 2 3 4 |  4.1
Maces & Flails | 1 2 3 4 |  4.1
Polearms       | 1 2 3 4 |  4.1
Staves         | 1 2 3 4 |  4.1
Slings         | 1 2 3 4 |  4.1
Bows           | 1 2 3 4 |  4.1
Crossbows      | 1 2 3 4 |  4.1
Stealth        | 1 2 3 4 |  4.1
Shields        | 1 2 3 4 |  4.1
Evocations     | 1 2 3 4 |  4.1
Conjurations   | 1 2 3 |  3.4
Hexes          | 1 2 3 |  3.4
Summonings     | 1 2 3 |  3.4
Necromancy     | 1 2 3 |  3.4
Transmutations | 1 2 3 |  3.4
Fire Magic     | 1 2 3 |  3.4
Ice Magic      | 1 2 3 |  3.4
Air Magic      | 1 2 3 |  3.4
Earth Magic    | 1 2 3 |  3.4
Poison Magic   | 1 2 3 |  3.4
Throwing       | 3 4 5 |  5.0
Armour         | 3 4 5 |  5.0
Fighting       | 5 6 |  6.2
Dodging        | 5 6 |  6.2
Unarmed Combat | 5 6 |  6.2
Translocations | 6 |  6.5

Action                   |  1- 3 |  4- 6 |  7- 9 || total
-------------------------+-------+-------+-------++-------
Melee: Unarmed           |    68 |     3 |       ||    71
       Bite              |     9 |    16 |    14 ||    39
       Punch             |     2 |     2 |     7 ||    11
       Short sword       |    32 |   106 |    71 ||   209
       Dagger            |       |       |    35 ||    35
       Quarterstaff      |       |       |    16 ||    16
Throw: Dart              |     4 |    14 |    24 ||    42
 Cast: Blink             |       |     1 |    12 ||    13
       Olgreb's Toxic Ra |       |       |     3 ||     3
Evoke: Wand              |       |     1 |     6 ||     7
  Use: Scroll            |     4 |     7 |     4 ||    15
       Potion            |     4 |       |       ||     4
 Stab: Sleeping          |     1 |     2 |     2 ||     5
Armor: Leather armour    |    18 |    15 |    13 ||    46
       Skin              |    17 |     6 |       ||    23
Dodge: Dodged            |    57 |    68 |    77 ||   202

Table legend: (Time is in decaauts)
 A = Elapsed time spent in this place.
 B = Non-inter-level travel time spent in this place.
 C = Inter-level travel time spent in this place.
 D = Time resting spent in this place.
 E = Time spent auto-exploring this place.
 F = Levels seen in this place.
 G = Mean time per level.
                   A        B        C        D        E       F      G
               +--------+--------+--------+--------+--------+-----+--------+
         Total |   5552 |   5348 |    204 |     50 |   4268 |   6 |  925.3 |
       Dungeon |   5552 |   5348 |    204 |     50 |   4268 |   6 |  925.3 |
               +--------+--------+--------+--------+--------+-----+--------+

Top non-repeatable levels by time:
     D:1: 1302 daAuts
     D:2: 1116 daAuts
     D:4: 1086 daAuts
     D:3: 975 daAuts
     D:5: 940 daAuts
     D:6: 130 daAuts
